 Dungeon Crawl Stone Soup version 0.25.1-2-g60ff931df9 (webtiles) character file.

Game seed: 13920598895506145044

28 CrazyMind the Ruffian (level 3, 0/28 HPs)
             Began as a Draconian Transmuter on Aug 29, 2020.
             Was an Initiate of Elyvilon.
             Slain by a gnoll zombie (4 damage)
             ... on level 2 of the Dungeon.
             The game lasted 00:08:09 (1620 turns).

CrazyMind the Ruffian (Draconian Transmuter)        Turns: 1620, Time: 00:08:09

Health: 0/28       AC:  5    Str: 12    XL:     3   Next: 0%
Magic:  6/6        EV: 11    Int: 14    God:    Elyvilon [......]
Gold:   140        SH:  3    Dex: 11    Spells: 0/6 levels left

rFire    . . .     SeeInvis .     - Unarmed
rCold    . . .     Gourm    .   n - +0 buckler
rNeg     . . .     Faith    .   (armour unavailable)
rPois    .         Spirit   .   (helmet restricted)
rElec    .         Reflect  .   k - scarf {repulsion}
rCorr    .         Harm     .   (no gloves)
MR       .....     Rnd*Tele +   (no boots)
Stlth    +.........             (no amulet)
HPRegen  0.09/turn              h - ring of teleportation (curse)
MPRegen  0.10/turn              g - ring of wizardry

@: repel missiles
A: unfitting armour, cold-blooded, AC +5
a: Renounce Religion


You were on level 2 of the Dungeon.
You worshipped Elyvilon.
Elyvilon was noncommittal.
You were not hungry.

You visited 1 branch of the dungeon, and saw 2 of its levels.

You collected 140 gold pieces.

Inventory:

Missiles
 a - 12 arrows
 d - 53 stones (quivered)
 f - 4 silver boomerangs
 j - 10 poisoned darts
Armour
 k - a scarf of repulsion (worn)
 n - a +0 buckler (worn)
Jewellery
 e - an uncursed ring of fire
 g - a ring of wizardry (right hand)
 h - a cursed ring of teleportation (left hand)
Scrolls
 i - a scroll of blinking
Potions
 b - 4 potions of flight
 l - a potion of mutation {unknown}
 m - a potion of might {unknown}
 o - a potion of curing {unknown}
Comestibles
 c - 3 rations


   Skills:
 + Level 1.1 Fighting
 + Level 1.9 Dodging
 + Level 0.1 Stealth
 + Level 3.7 Unarmed Combat
 + Level 2.2 Spellcasting
 + Level 2.2 Transmutations


You couldn't memorise any spells.
You knew the following spells:

 Your Spells              Type           Power        Failure   Level  Hunger
a - Beastly Appendage     Tmut           #.....       6%          1    #......
b - Sticks to Snakes      Tmut           #.......     10%         2    ###....
c - Spider Form           Tmut/Pois      #.........   28%         3    ###....

Your spell library contained the following spells:

 Spells                   Type           Power        Failure   Level  Hunger
 Ice Form                 Ice/Tmut       #.......     65%         4    #####..
 Blade Hands              Tmut           #.........   83%         5    ######.


Dungeon Overview and Level Annotations

Branches:
Dungeon (2/15)

Altars:
Ashenzari
Elyvilon


Innate Abilities, Weirdness & Mutations

Your plain brown scales are hard. (AC +5)
You cannot fit into any form of body armour.
You are cold-blooded and may be slowed by cold attacks.


Message History

The gnoll zombie hits you but does no damage.
The gnoll zombie barely misses you. The gnoll zombie misses you.
The gnoll zombie closely misses you. The gnoll zombie hits you.
The gnoll zombie closely misses you. The gnoll zombie hits you.
The gnoll zombie barely misses you.
The gnoll zombie hits you but does no damage.
The gnoll zombie barely misses you. The gnoll zombie hits you!
The gnoll zombie barely misses you. The gnoll zombie closely misses you.
The gnoll zombie completely misses you.
The gnoll zombie hits you but does no damage. x2
The gnoll zombie completely misses you. The gnoll zombie closely misses you.
The gnoll zombie closely misses you. The gnoll zombie barely misses you.
The gnoll zombie hits you. x2
The gnoll zombie hits you but does no damage.
You block the gnoll zombie's attack.
The gnoll zombie hits you but does no damage.
The gnoll zombie hits you!
* * * LOW HITPOINT WARNING * * *
The gnoll zombie hits you.
You die...

,*#.####..#######...# #.#
**#.***#..# #...# ####.####
,,..,,,#..#*** #...# #.......#
,.#.**,.)..,,***#...#####.##.##.#
..*,**.#....,,,,.................
,,,,*#################.......#...
,,**,,* #........# #.......#...
,,**,****#........####.##.#......
,,,,,,*_,......Z@......##........
****,****#......Z.#######.#..#.#.
,,**,* #........# #........
,,**,* ##########*########...##
,,,,,* #.,,#.......##... ******
******##.,,#.#####.#####
*,,,,,..#.##.#####.##
*,#####.#.##.##.....#
*,#......#.#.##.##..####


You could see 2 gnoll zombies.

Vanquished Creatures
  A leopard gecko (D:1)
  2 giant cockroaches (D:1)
  3 hobgoblins (D:1)
  2 bats (D:1)
  2 frilled lizards (D:1)
  6 goblins
  5 kobolds
  7 rats
28 creatures vanquished.

Notes
Turn   | Place    | Note
-------+----------+-------------------------------------------
     0 | D:1      | CrazyMind the Draconian Transmuter began the quest for the
                  | Orb.
     0 | D:1      | Reached XP level 1. HP: 16/16 MP: 3/3
   350 | D:1      | Reached XP level 2. HP: 19/23 MP: 3/5
  1360 | D:2      | Found a shattered altar of Ashenzari.
  1391 | D:2      | Learned a level 2 spell: Sticks to Snakes
  1460 | D:2      | Reached XP level 3. HP: 28/28 MP: 6/6
  1465 | D:2      | Learned a level 3 spell: Spider Form
  1538 | D:2      | Found a white marble altar of Elyvilon.
  1549 | D:2      | Became a worshipper of Elyvilon the Healer
  1620 | D:2      | Slain by a gnoll zombie

Illustrated notes

Levels and vault maps discovered:
D:1:      sevenhm_arrival_forest_fort_large_1, layout_basic
D:2:      layout_loops_cross, lemuel_zombie_altar_yredelemnul,
          evilmike_ruin_ashenzari, elyvilon_altar_1

Action                   || total
-------------------------++-------
Melee: Unarmed           ||    80
       Tailslap          ||     4
       Kick              ||     4
       Headbutt          ||     2
 Cast: Beastly Appendage ||     8
  Use: Scroll            ||     7
 Stab: Sleeping          ||     1
  Eat: Ration            ||     1
Armor: Skin              ||    22
Dodge: Dodged            ||    65
Block: Buckler           ||     1
